 Dungeon Crawl Stone Soup version 0.31-a0-675-g238779eb0a (webtiles) character file.

Game seed: 7246658925865270622

9 Xavori the Trooper (level 2, 24/24 HPs)
             Began as a Demonspawn Chaos Knight on Sept 5, 2023.
             Was a Plaything of Xom.
             Quit the game on level 1 of the Dungeon.
             The game lasted 00:00:07 (88 turns).

Xavori the Trooper (Demonspawn Chaos Knight)          Turns: 88, Time: 00:00:08

Health: 24/24      AC:  5    Str: 12    XL:     2   Next: 3%
Magic:  2/2        EV: 11    Int: 13    God:    Xom [..*...]
Gold:   0          SH:  0    Dex: 12    Spells: 1/1 levels left

rFire   . . .        a - +0 falchion (chaos)
rCold   . . .        (no shield)
rNeg    . . .        b - +2 leather armour
rPois   .            (no helmet)
rElec   .            (no cloak)
rCorr   .            (no gloves)
SInv    .            (no boots)
Will    .....        (no amulet)
Stlth   +            (no ring)
HPRegen 0.24/turn    (no ring)
MPRegen 0.08/turn

%: no passive effects
@: no status effects
A: weakness stinger 1
a: Renounce Religion


You were on level 1 of the Dungeon.
You worshipped Xom.
You were a toy of Xom.
You visited 1 branch of the dungeon, and saw 1 of its levels.

Inventory:

Hand Weapons
 a - a +0 falchion of chaos (weapon)
Armour
 b - a +2 leather armour (worn)
Scrolls
 c - a scroll of butterflies


   Skills:
 + Level 3.1 Fighting
 + Level 3.0 Long Blades
 + Level 2.0 Armour
 + Level 0.8 Dodging


You had one spell level left.
You didn't know any spells.
Your spell library was empty.

Dungeon Overview and Level Annotations

Branches:
Dungeon (1/15)

Altars:


Innate Abilities, Weirdness & Mutations

You have a small tail.


Message History

You kill the rat!
HP restored.
A ball python comes into view.
The ball python hisses angrily.
A kobold comes into view. It is wielding a +0 dagger.
The kobold shouts!
There are monsters nearby!
There are monsters nearby!
You barely miss the ball python.
The ball python bites you but does no damage.
The ball python closely misses you.
You hit the ball python.
The ball python resists with significant effort.
The ball python is severely wounded.
The ball python bites you but does no damage.
The ball python barely misses you. The ball python misses you.
The ball python grabs you. The ball python constricts you.
There are monsters nearby!
You hit the ball python. You freeze the ball python.
You kill the ball python!
The kobold hits you but does no damage.
Your Long Blades skill increases to level 3!
A kobold is nearby!
You hit the kobold but do no damage. The kobold hits you but does no damage.
A kobold is nearby!
You closely miss the kobold. The kobold hits you but does no damage.
A kobold is nearby!
You barely miss the kobold. The kobold barely misses you.
A kobold is nearby!
You closely miss the kobold. Your punch misses the kobold.
The kobold hits you but does no damage.
A kobold is nearby!
You hit the kobold. Lightning courses through the kobold!
You kill the kobold!
Your Armour skill increases to level 2!
You have reached level 2!
You feel monstrous as your demonic heritage exerts itself.
Your demonic ancestry asserts itself...
You grow a small tail.
Are you sure you want to abandon this character and quit the game? (Confirm with "yes".)

≈≈≈.. ..... ..# ≈....
.....########.#
≈......#........!...#
≈..................#
≈≈......#.........#
≈≈................#
≈≈≈.. #..>.......#
.≈≈...##..........#
...≈........†...@.##
......###........)......
......# ####†.####......
.....### #..## ......
#......# #.## .....
....##.# ##)# .....
...†...###..# ####
#####.###..## # #.# #.##


There were no monsters in sight!

Vanquished Creatures
  A ball python (D:1)
  A giant cockroach (D:1)
  A goblin (D:1)
  A hobgoblin (D:1)
  A kobold (D:1)
  A bat (D:1)
  2 rats (D:1)
8 creatures vanquished.

Notes
Turn   | Place    | Note
-------+----------+-------------------------------------------
     0 | D:1      | Xavori the Demonspawn Chaos Knight began the quest for the
                  | Orb.
     0 | D:1      | Reached XP level 1. HP: 18/18 MP: 1/1
    88 | D:1      | Discovered your monstrous ancestry.
    88 | D:1      | Gained mutation: You have a small tail. [demonic ancestry]
    88 | D:1      | Reached XP level 2. HP: 24/24 MP: 2/2
    88 | D:1      | Quit the game

Illustrated notes

Levels and vault maps discovered:
D:1:      onia_arrival_pentagram, layout_rooms

Skill      XL: |  1 |
---------------+----+-----
Long Blades    | 3 |  3.0
Armour         | 2 |  2.0
Fighting       | |  3.1
Dodging        | |  0.8

Action                     || total
---------------------------++-------
  Melee: Falchion          ||    20
 Armour: Leather armour    ||    12
  Dodge: Dodged            ||    13

Table legend: (Time is in decaauts)
 A = Elapsed time spent in this place.
 B = Non-inter-level travel time spent in this place.
 C = Inter-level travel time spent in this place.
 D = Time resting spent in this place.
 E = Time spent auto-exploring this place.
 F = Levels seen in this place.
 G = Mean time per level.
                   A        B        C        D        E       F      G
               +--------+--------+--------+--------+--------+-----+--------+
         Total |     92 |     92 |      0 |      0 |     49 |   1 |   92.0 |
       Dungeon |     92 |     92 |      0 |      0 |     49 |   1 |   92.0 |
               +--------+--------+--------+--------+--------+-----+--------+

Top non-repeatable levels by time:
     D:1: 92 daAuts
